[ AOE2 MATCH · #495837797 ]
UnrankedMaya vs Gurjaras
Player's team · LOSS
Rival team · WIN
[ REPLAY ANALYSIS · EXTRACTED FROM THE RECORDED GAME ]
Feudal
11:16
Castle
18:34
Imperial
—
| APM avg | 34.1 |
| APM peak | 72 |
| eAPM avg | 16.9 |
| Villagers / military | 44 / 10 |
Focus
⚔️ 26.0% · 🌾 74.0%
Eagle Scout ×6 · Militia ×3 · Spearman ×1
Feudal
10:38
Castle
16:23
Imperial
—
| APM avg | 51.5 |
| APM peak | 107 |
| eAPM avg | 26.0 |
| Villagers / military | 62 / 21 |
Focus
⚔️ 30.1% · 🌾 69.9%
Chakram Thrower ×21
Match map
Initial resources + every placement click. Lines = walls · curves = elevation contours. ◆ gold · ⬟ stone · ● berries · ✦ relic · ◌ wall gap
Your base· ✓ Closed at 18:34 · 35t walls · 1 gate(s)
Rododino's base· Open — unwalled flank
Smoothed initial terrain · ◌ = detected wall gap · hover for details
Inputs per minute
— Arlechinno - - Rododino
Build order — Arlechinno
111 actions detected in the replay
| 0:00 | Research | Loom |
| 0:01 | Research | Loom |
| 0:02 | Build | House |
| 0:04 | Build | House |
| 0:07 | Queue | Villager (Male) |
| 0:08 | Queue | Villager (Male) |
| 0:08 | Queue | Villager (Male) |
| 1:25 | Queue | Villager (Male) |
| 1:38 | Queue | Villager (Male) |
| 1:52 | Build | Lumber Camp |
| 2:16 | Queue | Villager (Male) |
| 2:35 | Queue | Villager (Male) |
| 3:08 | Queue | Villager (Male) |
| 3:38 | Queue | Villager (Male) |
| 3:56 | Build | House |
| 4:07 | Queue | Villager (Male) |
| 4:23 | Queue | Villager (Male) |
| 4:24 | Queue | Villager (Male) |
| 4:33 | Build | Barracks |
| 5:02 | Queue | Villager (Male) |
| 5:27 | Queue | Villager (Male) |
| 5:43 | Queue | Villager (Male) |
| 5:49 | Queue | Militia |
| 5:50 | Build | House |
| 6:05 | Queue | Villager (Male) |
| 6:10 | Queue | Militia |
| 6:31 | Build | Palisade Gate |
| 6:32 | Build | House |
| 6:33 | Build | Palisade Wall |
| 6:35 | Queue | Villager (Male) |
| 6:49 | Queue | Militia |
| 7:02 | Queue | Villager (Male) |
| 7:20 | Queue | Villager (Male) |
| 7:20 | Queue | Villager (Male) |
| 7:26 | Build | Mill |
| 7:52 | Build | House |
| 7:53 | Queue | Villager (Male) |
| 8:06 | Queue | Villager (Male) |
| 9:06 | Research | Feudal Age |
| 9:08 | Build | Palisade Wall |
| 9:20 | Build | Palisade Wall |
| 9:26 | Build | Palisade Wall |
| 9:37 | Build | Lumber Camp |
| 9:53 | Queue | Villager (Male) |
| 10:02 | Build | House |
| 10:02 | Build | House |
| 11:16 | Age | Feudal Age |
| 11:26 | Build | Archery Range |
| 11:29 | Research | Double-Bit Axe |
| 11:30 | Queue | Villager (Male) |
| 11:35 | Research | Horse Collar |
| 11:43 | Queue | Villager (Male) |
| 12:01 | Build | Farm |
| 12:04 | Build | Farm |
| 12:15 | Queue | Villager (Male) |
| 12:26 | Build | Farm |
| 12:35 | Build | Farm |
| 12:44 | Queue | Villager (Male) |
| 13:09 | Queue | Villager (Male) |
| 13:10 | Build | Farm |
| 13:12 | Build | Farm |
| 13:23 | Queue | Villager (Male) |
| 13:32 | Build | Mining Camp |
| 14:14 | Build | Farm |
| 14:14 | Queue | Villager (Male) |
| 14:14 | Queue | Villager (Male) |
| 14:25 | Build | Blacksmith |
| 14:46 | Build | Farm |
| 15:03 | Queue | Villager (Male) |
| 15:25 | Queue | Villager (Male) |
| 15:46 | Research | Castle Age |
| 15:46 | Research | Castle Age |
| 15:59 | Build | Farm |
| 16:16 | Build | Barracks |
| 16:20 | Build | Barracks |
| 16:30 | Queue | Spearman |
| 16:39 | Queue | Villager (Male) |
| 17:05 | Queue | Eagle Scout |
| 17:11 | Queue | Eagle Scout |
| 17:16 | Queue | Eagle Scout |
| 17:26 | Research | Wheelbarrow |
| 17:38 | Queue | Eagle Scout |
| 17:38 | Queue | Eagle Scout |
| 17:39 | Queue | Eagle Scout |
| 18:02 | Queue | Villager (Male) |
| 18:06 | Build | Mining Camp |
| 18:10 | Build | Mining Camp |
| 18:18 | Build | Stone Wall |
| 18:21 | Build | Stone Wall |
| 18:34 | Age | Castle Age |
| 18:48 | Build | Stone Wall |
| 18:53 | Build | Stone Wall |
| 19:00 | Build | Stone Wall |
| 19:13 | Research | Fletching |
| 20:00 | Research | Bodkin Arrow |
| 20:02 | Queue | Villager (Male) |
| 20:03 | Build | University |
| 20:22 | Build | Stone Wall |
| 20:27 | Queue | Villager (Male) |
| 20:51 | Queue | Villager (Male) |
| 21:05 | Research | Bow Saw |
| 21:10 | Research | Ballistics |
| 21:15 | Research | Padded Archer Armor |
| 21:16 | Queue | Villager (Male) |
| 21:32 | Queue | Villager (Male) |
| 21:50 | Build | Castle |
| 21:56 | Queue | Villager (Male) |
| 22:32 | Queue | Villager (Male) |
| 22:55 | Build | Town Center |
| 22:59 | Queue | Villager (Male) |
| 23:18 | Queue | Villager (Male) |
Build order — Rododino
147 actions detected in the replay
| 0:01 | Queue | Villager (Male) |
| 0:01 | Queue | Villager (Male) |
| 0:02 | Build | House |
| 0:04 | Build | House |
| 0:14 | Queue | Villager (Male) |
| 0:20 | Queue | Villager (Male) |
| 0:48 | Build | Mill |
| 1:34 | Queue | Villager (Male) |
| 2:00 | Queue | Villager (Male) |
| 2:00 | Queue | Villager (Male) |
| 2:29 | Queue | Villager (Male) |
| 2:30 | Queue | Villager (Male) |
| 2:55 | Queue | Villager (Male) |
| 2:56 | Queue | Villager (Male) |
| 3:00 | Build | Lumber Camp |
| 3:20 | Queue | Villager (Male) |
| 3:20 | Queue | Villager (Male) |
| 3:42 | Queue | Villager (Male) |
| 3:42 | Queue | Villager (Male) |
| 4:08 | Queue | Villager (Male) |
| 4:08 | Queue | Villager (Male) |
| 4:14 | Build | House |
| 4:32 | Queue | Villager (Male) |
| 4:32 | Queue | Villager (Male) |
| 4:53 | Queue | Villager (Male) |
| 4:53 | Queue | Villager (Male) |
| 5:07 | Queue | Villager (Male) |
| 5:45 | Queue | Villager (Male) |
| 5:55 | Queue | Villager (Male) |
| 6:03 | Build | House |
| 6:12 | Queue | Villager (Male) |
| 6:19 | Queue | Villager (Male) |
| 6:20 | Queue | Villager (Male) |
| 6:23 | Queue | Villager (Male) |
| 6:23 | Queue | Villager (Male) |
| 6:31 | Build | House |
| 6:33 | Build | Palisade Wall |
| 7:04 | Build | Mill |
| 7:05 | Queue | Villager (Male) |
| 7:40 | Build | Mining Camp |
| 7:57 | Research | Loom |
| 8:15 | Build | Mining Camp |
| 8:28 | Research | Feudal Age |
| 8:41 | Build | Palisade Wall |
| 8:48 | Build | Palisade Wall |
| 8:53 | Build | Palisade Wall |
| 8:55 | Queue | Villager (Male) |
| 9:12 | Build | House |
| 9:16 | Build | House |
| 9:17 | Queue | Villager (Male) |
| 9:30 | Queue | Villager (Male) |
| 9:34 | Queue | Villager (Male) |
| 9:39 | Queue | Villager (Male) |
| 10:37 | Build | Palisade Wall |
| 10:38 | Age | Feudal Age |
| 10:40 | Build | Palisade Wall |
| 10:46 | Build | Palisade Wall |
| 10:49 | Queue | Villager (Male) |
| 11:23 | Queue | Villager (Male) |
| 11:33 | Build | Palisade Gate |
| 11:52 | Queue | Villager (Male) |
| 12:12 | Build | Market |
| 12:31 | Build | Blacksmith |
| 12:40 | Queue | Villager (Male) |
| 12:49 | Queue | Villager (Male) |
| 13:12 | Queue | Villager (Male) |
| 13:30 | Build | Palisade Wall |
| 13:43 | Research | Castle Age |
| 13:44 | Research | Castle Age |
| 14:03 | Build | Lumber Camp |
| 14:26 | Build | Farm |
| 14:52 | Build | Farm |
| 15:04 | Research | Double-Bit Axe |
| 15:14 | Queue | Villager (Male) |
| 15:24 | Build | House |
| 15:29 | Build | House |
| 15:56 | Build | Farm |
| 16:19 | Queue | Villager (Male) |
| 16:23 | Age | Castle Age |
| 16:24 | Build | Farm |
| 16:27 | Build | Farm |
| 16:32 | Queue | Villager (Male) |
| 16:45 | Build | Farm |
| 17:18 | Build | Castle |
| 17:22 | Queue | Villager (Male) |
| 17:29 | Queue | Villager (Male) |
| 17:33 | Build | Farm |
| 17:34 | Build | Farm |
| 17:40 | Queue | Villager (Male) |
| 18:03 | Research | Horse Collar |
| 18:12 | Research | Gold Mining |
| 18:13 | Research | Gold Mining |
| 18:18 | Queue | Villager (Male) |
| 18:23 | Queue | Chakram Thrower |
| 18:23 | Queue | Chakram Thrower |
| 18:34 | Queue | Villager (Male) |
| 18:36 | Build | House |
| 18:42 | Queue | Chakram Thrower |
| 18:43 | Queue | Villager (Male) |
| 18:58 | Queue | Chakram Thrower |
| 19:03 | Build | Farm |
| 19:06 | Build | Farm |
| 19:15 | Queue | Chakram Thrower |
| 19:26 | Build | House |
| 19:27 | Build | House |
| 19:34 | Queue | Villager (Male) |
| 19:43 | Queue | Chakram Thrower |
| 19:54 | Queue | Chakram Thrower |
| 20:00 | Queue | Villager (Male) |
| 20:03 | Queue | Villager (Male) |
| 20:07 | Build | House |
| 20:09 | Build | House |
| 20:15 | Build | Stone Wall |
| 20:16 | Queue | Villager (Male) |
| 20:18 | Build | House |
| 20:22 | Queue | Chakram Thrower |
| 20:22 | Queue | Chakram Thrower |
| 20:30 | Queue | Villager (Male) |
| 20:34 | Build | Palisade Gate |
| 20:40 | Build | House |
| 20:41 | Build | House |
| 20:49 | Queue | Villager (Male) |
| 20:58 | Queue | Chakram Thrower |
| 21:07 | Queue | Villager (Male) |
| 21:18 | Build | Farm |
| 21:22 | Queue | Chakram Thrower |
| 21:23 | Queue | Chakram Thrower |
| 21:23 | Queue | Chakram Thrower |
| 21:30 | Build | Farm |
| 21:37 | Build | Farm |
| 21:38 | Queue | Villager (Male) |
| 21:38 | Queue | Villager (Male) |
| 21:40 | Build | Farm |
| 21:44 | Queue | Chakram Thrower |
| 21:52 | Build | Farm |
| 21:56 | Build | Farm |
| 22:04 | Queue | Villager (Male) |
| 22:21 | Queue | Chakram Thrower |
| 22:37 | Research | Forging |
| 22:38 | Queue | Chakram Thrower |
| 23:00 | Queue | Chakram Thrower |
| 23:00 | Queue | Chakram Thrower |
| 23:03 | Queue | Villager (Male) |
| 23:07 | Queue | Chakram Thrower |
| 23:08 | Queue | Chakram Thrower |
| 23:26 | Queue | Chakram Thrower |
| 23:29 | Queue | Villager (Male) |
Match timeline
| 4:33 | Arlechinno · first_building Barracks |
| 6:33 | Rododino · wall_segment Palisade Wall x6 |
| 6:33 | Arlechinno · wall_segment Palisade Wall x1 |
| 8:41 | Rododino · wall_segment Palisade Wall x1 |
| 8:48 | Rododino · wall_segment Palisade Wall x1 |
| 8:53 | Rododino · wall_segment Palisade Wall x1 |
| 9:08 | Arlechinno · wall_segment Palisade Wall x6 |
| 9:20 | Arlechinno · wall_segment Palisade Wall x12 |
| 9:26 | Arlechinno · wall_segment Palisade Wall x10 |
| 10:37 | Rododino · wall_segment Palisade Wall x1 |
| 10:38 | Rododino · age_up feudal |
| 10:40 | Rododino · wall_segment Palisade Wall x1 |
| 10:46 | Rododino · wall_segment Palisade Wall x1 |
| 11:16 | Arlechinno · age_up feudal |
| 11:26 | Arlechinno · first_building Archery Range |
| 13:16 | Rododino · first_market_sell 100 stone |
| 13:19 | Rododino · first_market_buy 100 food |
| 13:30 | Rododino · wall_segment Palisade Wall x1 |
| 16:23 | Rododino · age_up castle |
| 17:18 | Rododino · first_building Castle |
| 18:18 | Arlechinno · wall_segment Stone Wall x5 |
| 18:21 | Arlechinno · wall_segment Stone Wall x1 |
| 18:34 | Arlechinno · age_up castle |
| 18:48 | Arlechinno · wall_segment Stone Wall x10 |
| 18:53 | Arlechinno · wall_segment Stone Wall x6 |
| 19:00 | Arlechinno · wall_segment Stone Wall x8 |
| 20:15 | Rododino · wall_segment Stone Wall x4 |
| 20:22 | Arlechinno · wall_segment Stone Wall x5 |
| 21:50 | Arlechinno · first_building Castle |
| 23:34 | Arlechinno · resign |
[ AI ANALYSIS · 1 CREDIT ]
What really happened in this match?
Wolo.gg analyzes every decision: build order, eco, micro, common mistakes by bracket. Personalized analysis on WhatsApp or Discord in 30 seconds.
Civ guide
Maya
Perfil
Arlechinno